 Dungeon Crawl Stone Soup version 0.27-a0-1136-g0b992a5a9d (webtiles) character file.

Game seed: 6620480199717638851

250 reriks the Sneak (level 5, 0/25 HPs)
             Began as a Spriggan Conjurer on May 4, 2021.
             Succumbed to a scorpion's poison
             ... on level 4 of the Dungeon.
             The game lasted 00:06:24 (3598 turns).

reriks the Sneak (Spriggan Conjurer)                Turns: 3598, Time: 00:06:24

Health: 0/25       AC:  2    Str:  3    XL:     5   Next: 88%
Magic:  1/11       EV: 18    Int: 20    God:
Gold:   89         SH:  0    Dex: 14    Spells: 5/11 levels left

rFire    + . .     SeeInvis +   b - +0 dagger
rCold    x . .     Faith    .   (shield restricted)
rNeg     . . .     Spirit   .   a - +0 robe
rPois    .         Reflect  .   (helmet restricted)
rElec    .         Harm     .   (no cloak)
rCorr    .         Rampage  .   (gloves unavailable)
Will     .....                  (boots unavailable)
Stlth    +++.......             (no amulet)
HPRegen  0.08/turn              h - ring of fire
MPRegen  0.12/turn              (no ring)

@: lethally poisoned (0 -> -2), very quick
A: very small, no large weapons, unfitting armour, see invisible, speed 3
a: no special abilities


You were on level 4 of the Dungeon.
You visited 1 branch of the dungeon, and saw 4 of its levels.

You collected 89 gold pieces.

Inventory:

Hand Weapons
 b - a +0 dagger (weapon)
Missiles
 d - 7 atropa-tipped darts
Armour
 a - a +0 robe (worn)
Jewellery
 h - a ring of fire (left hand)
 o - a ring of magical power
Scrolls
 c - 2 scrolls of amnesia
 e - 4 scrolls of teleportation
 i - a scroll of blinking {unknown}
 k - a scroll of fog {unknown}
 m - a scroll of immolation {unknown}
 p - a scroll of enchant armour {unknown}
Potions
 f - a potion of brilliance {unknown}
 g - 4 potions of curing
 j - a potion of heal wounds {unknown}
 l - a potion of attraction {unknown}
 n - a potion of ambrosia {unknown}


   Skills:
 + Level 1.5 Fighting
 + Level 2.0 Short Blades
 + Level 4.1 Dodging
 + Level 4.6 Stealth
 + Level 3.9 Spellcasting
 + Level 3.4 Conjurations
 + Level 1.7 Translocations


You had 5 spell levels left.
You knew the following spells:

 Your Spells              Type           Power      Damage    Failure   Level
a - Magic Dart            Conj           68%        1d6       3%          1
b - Searing Ray           Conj           34%        3d4       4%          2
c - Gell's Gravitas       Tloc           5%         N/A       19%         3

Your spell library contained the following spells:

 Spells                   Type           Power      Damage    Failure   Level
 Dazzling Flash           Conj/Hex       20%        N/A       19%         3
 Confusing Touch          Hex            3%         N/A       36%         3
 Iskenderun's Mystic Bla  Conj/Tloc      14%        2d5       41%         4
 Fulminant Prism          Conj/Hex       5%         3d7       54%         4
 Petrify                  Tmut/Erth      3%         N/A       78%         4
 Metabolic Englaciation   Hex/Ice        1%         N/A       98%         5
 Yara's Violent Unravell  Hex/Tmut       1%         3d3       98%         5


Dungeon Overview and Level Annotations

Branches:
Dungeon (4/15)
 Temple: D:4-7

Altars:

Shops:
D:2 *


Innate Abilities, Weirdness & Mutations

You are very small and have problems with some larger weapons.
You are too small for most types of armour.
You have supernaturally acute eyesight. (SInv)
You cover ground extremely quickly. (Speed+++)


Message History

Aim: a scorpion (almost dead, 78% to hit)
The searing ray misses the scorpion. (Press . to maintain the ray.)
The searing ray misses the scorpion.
The scorpion closely misses you.
Without enough magic to sustain it, your searing ray dissipates.
The scorpion misses you. The scorpion misses you.
Casting: Searing Ray (safe; 4% risk of failure)
Confirm with . or Enter, or press ? or * to list all spells.
Aiming: Magic Dart (safe; 3% risk of failure)
Press: ? - help, Shift-Dir - straight line, f/p - scorpion
Aim: a scorpion (almost dead, 100% to hit)
The magic dart hits the scorpion but does no damage.
The scorpion is almost dead.
The scorpion stings you.
Casting: Magic Dart (safe; 3% risk of failure)
Confirm with . or Enter, or press ? or * to list all spells.
You don't have enough magic to cast this spell.
You hit the scorpion but do no damage.
The scorpion is almost dead.
The scorpion stings you.
You are poisoned.
The scorpion poisons you!
You hit the scorpion but do no damage.
The scorpion is almost dead.
You feel sick. The scorpion stings you.
* * * LOW HITPOINT WARNING * * *
* * * LOW HITPOINT WARNING * * *
You feel sick.
* * * LOW HITPOINT WARNING * * *
You feel sick.
* * * LOW HITPOINT WARNING * * *
You feel sick.
* * * LOW HITPOINT WARNING * * *
You feel sick.
* * * LOW HITPOINT WARNING * * *
You feel sick.
* * * LOW HITPOINT WARNING * * *
You feel sick.
You die...

####### ### # #.s...#
#<# . #.###.# #)# .
######...#@###.#####+#
#
...........)...........
.
#######...#.###.#####.#
# #...#.......
#...#.........
#...#..........#
....#.###+######
$.....[. ####..#.#


There were no monsters in sight!

Vanquished Creatures
  A water moccasin (D:3)
  An iguana (D:3)
  4 adders
  An adder skeleton (D:4)
  A worm (D:2)
  2 dart slugs (D:2)
  2 orcs (D:3)
  A bat (D:3)
  6 endoplasms
  2 giant cockroaches
  3 goblins
  6 hobgoblins
  7 jackals
  5 kobolds
  4 quokkas
  5 ball pythons
  4 frilled lizards
  5 rats
60 creatures vanquished.

Notes
Turn   | Place    | Note
-------+----------+-------------------------------------------
     0 | D:1      | reriks the Spriggan Conjurer began the quest for the Orb.
     0 | D:1      | Reached XP level 1. HP: 9/9 MP: 5/5
   318 | D:1      | Reached XP level 2. HP: 13/13 MP: 4/6
  1061 | D:2      | Found a faded altar of an unknown god.
  1431 | D:2      | Reached XP level 3. HP: 17/17 MP: 4/8
  1569 | D:2      | Reached skill level 1 in Short Blades
  1978 | D:2      | Reached XP level 4. HP: 21/21 MP: 8/10
  2075 | D:2      | Reached skill level 1 in Fighting
  2127 | D:2      | Found Igumeuc's Assorted Antiques.
  2397 | D:3      | Learned a level 2 spell: Searing Ray
  2519 | D:3      | Learned a level 3 spell: Gell's Gravitas
  2607 | D:3      | Noticed a water moccasin
  2716 | D:3      | Killed a water moccasin
  2717 | D:3      | Reached skill level 1 in Translocations
  2717 | D:3      | Reached XP level 5. HP: 19/25 MP: 3/11
  3597 | D:4      | HP: 1/25 [poisoned by a scorpion]
  3598 | D:4      | Succumbed to a scorpion's poison

Illustrated notes

Levels and vault maps discovered:
D:1:      onia_arrival_pentagram, layout_basic, minivault_26
D:2:      layout_rooms, serial_shops, nicolae_shop_behind_doors,
          ebering_ecumenical_altar_rust
D:3:      layout_rooms
D:4:      layout_basic, overflow_temple_1_default,
          minmay_temple_entry_drinking_statues

Skill      XL: |  1  2  3  4  5 |
---------------+----------------+-----
Conjurations   | 3 |  3.4
Dodging        | 3 4 |  4.1
Spellcasting   | 3 |  3.9
Short Blades   | 1 2 |  2.0
Fighting       | 1 |  1.5
Stealth        | 4 |  4.6
Translocations | 1 |  1.7

Action                   |  1- 3 |  4- 6 || total
-------------------------+-------+-------++-------
Melee: Dagger            |    12 |     2 ||    14
 Cast: Magic Dart        |    84 |    83 ||   167
       Searing Ray       |       |     2 ||     2
  Use: Scroll            |       |     3 ||     3
 Stab: Sleeping          |     1 |       ||     1
Armor: Robe              |     2 |       ||     2
Dodge: Dodged            |     9 |    14 ||    23

Table legend: (Time is in decaauts)
 A = Elapsed time spent in this place.
 B = Non-inter-level travel time spent in this place.
 C = Inter-level travel time spent in this place.
 D = Time resting spent in this place.
 E = Time spent auto-exploring this place.
 F = Levels seen in this place.
 G = Mean time per level.
                   A        B        C        D        E       F      G
               +--------+--------+--------+--------+--------+-----+--------+
         Total |   2953 |   2866 |     87 |   1677 |    794 |   4 |  738.2 |
       Dungeon |   2953 |   2866 |     87 |   1677 |    794 |   4 |  738.2 |
               +--------+--------+--------+--------+--------+-----+--------+

Top non-repeatable levels by time:
     D:1: 1030 daAuts
     D:3: 848 daAuts
     D:2: 768 daAuts
     D:4: 305 daAuts
